 Dungeon Crawl Stone Soup version 0.25.1-4-g9407a263a5 (webtiles) character file.

Game seed: 17446011998599992575

47 Clowwww the Skirmisher (level 3, 12/29 HPs)
             Began as a Demonspawn Fighter on Nov 27, 2020.
             Quit the game on level 2 of the Dungeon.
             The game lasted 00:04:53 (740 turns).

Clowwww the Skirmisher (Demonspawn Fighter)          Turns: 740, Time: 00:04:54

Health: 12/29      AC:  6    Str: 17    XL:     3   Next: 48%
Magic:  3/3        EV:  7    Int:  9    God:
Gold:   66         SH:  9    Dex: 12    Spells: 2/2 levels left

rFire    . . .     SeeInvis .   a - +0 war axe
rCold    . . .     Gourm    .   c - +0 kite shield
rNeg     . . .     Faith    .   b - +0 scale mail
rPois    .         Spirit   +   (helmet restricted)
rElec    .         Reflect  .   (no cloak)
rCorr    .         Harm     .   (no gloves)
MR       .....                  (no boots)
Stlth    ..........             (no amulet)
HPRegen  0.09/turn              (no ring)
MPRegen  0.08/turn              (no ring)

@: no status effects
A: horns 1, magic shield
a: no special abilities


You were on level 2 of the Dungeon.
You were not hungry.

You visited 1 branch of the dungeon, and saw 2 of its levels.

You collected 66 gold pieces.

Inventory:

Hand Weapons
 a - a +0 war axe (weapon)
Armour
 b - a +0 scale mail (worn)
 c - a +0 kite shield (worn)
 i - a +1 pair of boots
Jewellery
 q - an uncursed amulet of guardian spirit {unknown}
Scrolls
 g - a scroll of enchant armour {unknown}
 h - a scroll of immolation {unknown}
 k - 2 scrolls of remove curse {unknown}
 o - a scroll of teleportation {unknown}
 p - a scroll of blinking {unknown}
Potions
 d - 2 potions of might
 e - 2 potions of curing {unknown}
 j - a potion of flight {unknown}
 m - a potion of heal wounds {unknown}
 n - a potion of invisibility {unknown}
Comestibles
 f - 3 rations
 l - 2 chunks of flesh


   Skills:
 + Level 3.2 Fighting
 + Level 2.5 Axes
 + Level 3.1 Armour
 + Level 0.4 Dodging
 + Level 3.0 Shields


You had 2 spell levels left.
You didn't know any spells.
Your spell library was empty.

Dungeon Overview and Level Annotations

Branches:
Dungeon (2/15)

Altars:


Innate Abilities, Weirdness & Mutations

You have a pair of small horns on your head.
When hurt, damage is shared between your health and your magic reserves.


Message History

You slash the kobold!
You kill the kobold!
You block the hobgoblin's attack.
Things that are here:
a +0 short sword; a +0 dagger You hit the hobgoblin.
The hobgoblin is lightly wounded.
You block the hobgoblin's attack.
You hit the hobgoblin.
You kill the hobgoblin!
Found a club.
Things that are here:
a +0 short sword; a hobgoblin corpse
Things that are here:
a +0 short sword; a +0 dagger You see here a giant cockroach corpse.
Some of the chunks of flesh in your inventory have rotted away.
Quiver which item? (- for none, * to show all) (? for menu, Esc to quit)
Okay, then.
Are you sure you want to abandon this character and quit the game? (Confirm with "yes".)

). ...# ....## . ....#
...... #.(## #......
#.)## #....# .
##.)#####....#.. ..
##..##........ ...
....##.†@.....# ....
#......#....## ...#
.....#........# #.#.##
..............# ......
............†.# #......
..............###.......
........##......(.......
.##.##.....).#..#......
#.. ####.......#......


There were no monsters in sight!

Vanquished Creatures
  An adder (D:2)
  A worm (D:2)
  2 dart slugs
  2 giant cockroaches
  3 goblins
  3 hobgoblins
  5 kobolds
  A quokka (D:2)
  6 bats (D:1)
  A frilled lizard (D:1)
  2 rats (D:2)
27 creatures vanquished.

Notes
Turn   | Place    | Note
-------+----------+-------------------------------------------
     0 | D:1      | Clowwww the Demonspawn Fighter began the quest for the Orb.
     0 | D:1      | Reached XP level 1. HP: 18/18 MP: 1/1
   210 | D:1      | Gained mutation: When hurt, damage is shared between your
                  | health and your magic reserves. [demonic ancestry]
   210 | D:1      | Reached XP level 2. HP: 18/24 MP: 2/2
   617 | D:2      | Gained mutation: You have a pair of small horns on your
                  | head. [demonic ancestry]
   617 | D:2      | Reached XP level 3. HP: 11/29 MP: 3/3
   627 | D:2      | HP: 1/29 [poisoned by an adder]
   740 | D:2      | Quit the game

Illustrated notes

Levels and vault maps discovered:
D:1:      beargit_arrival_greenhouse, layout_rooms
D:2:      layout_rooms, minmay_fractal_squares_5

Skill      XL: |  1  2  3 |
---------------+----------+-----
Axes           | 2 |  2.5
Armour         | 3 |  3.1
Shields        | 3 |  3.0
Fighting       | |  3.2
Dodging        | |  0.4

Action                   || total
-------------------------++-------
Melee: War axe           ||    90
       Headbutt          ||     3
Armor: Scale mail        ||    55
Dodge: Dodged            ||    27
Block: Kite shield       ||    47
